 Dungeon Crawl Stone Soup version 0.22.1-1-ga44c0e5 (webtiles) character file.

1601 Merlin the Thaumaturge (level 8, 0/53 HPs)
             Began as a Gnoll Wizard on Sept 20, 2018.
             Was an Initiate of Hepliaklqana.
             Slain by a shadow (32 damage)
             ... on level 7 of the Dungeon.
             The game lasted 00:32:45 (7222 turns).

Merlin the Thaumaturge (Gnoll Wizard)               Turns: 7222, Time: 00:32:46

Health: 0/53       AC: 12    Str:  9    XL:     8   Next: 94%
Magic:  20/20      EV: 16    Int: 22    God:    Hepliaklqana [......]
Gold:   297        SH:  0    Dex: 15    Spells: 12/23 levels left

rFire    + . .     SeeInvis .   m - +3 halberd (protect)
rCold    . . .     Gourm    +   (shield currently unavailable)
rNeg     . . .     Faith    .   v - +2 robe {rF+}
rPois    +         Spirit   .   b - +0 hat
rElec    .         Reflect  .   (no cloak)
rCorr    .         Harm     .   (no gloves)
MR       .....                  h - +0 pair of boots
Stlth    ++++......             s - amulet of the gourmand
HPRegen  0.17/turn              o - ring of stealth
MPRegen  0.17/turn              w - ring of poison resistance

@: protection aura
A: distributed training, reduced essence, fangs 1, strong nose
a: Recall Ancestor, Ancestor Identity, Renounce Religion


You were on level 7 of the Dungeon.
You worshipped Hepliaklqana.
Hepliaklqana was noncommittal.
You were very full.

You visited 2 branches of the dungeon, and saw 8 of its levels.

You collected 297 gold pieces.

Inventory:

Hand Weapons
 e - a +1 short sword of draining
 m - a +3 halberd of protection (weapon)
 y - a +2 vampiric halberd
Armour
 a - a +0 robe
 b - a +0 hat (worn)
 h - a +0 pair of boots (worn)
 k - a +0 buckler
 v - a +2 robe of fire resistance (worn)
Jewellery
 o - a ring of stealth (left hand)
 q - an uncursed amulet of rage
 s - an amulet of the gourmand (around neck)
 u - an uncursed ring of fire
 w - a ring of poison resistance (right hand)
 D - an uncursed ring of protection from fire {unknown}
Wands
 g - a wand of paralysis (18)
Scrolls
 c - a scroll of enchant weapon
 j - a scroll of fear {unknown}
 l - a scroll of magic mapping {unknown}
 p - a scroll of teleportation {unknown}
 r - a scroll of remove curse {unknown}
 t - a scroll of immolation
 B - 2 scrolls of enchant armour {unknown}
 E - a scroll of fog {unknown}
 F - a scroll of amnesia {unknown}
 G - a scroll of noise {unknown}
Potions
 f - a potion of flight
 i - a potion of haste
 n - a potion of agility
 x - a potion of brilliance {unknown}
 A - a potion of mutation {unknown}
Comestibles
 d - 10 rations


   Skills:
 + Level 3.6 Fighting
 + Level 3.6 Short Blades
 + Level 3.6 Long Blades
 + Level 3.6 Axes
 + Level 3.6 Maces & Flails
 + Level 3.6 Polearms
 + Level 3.6 Staves
 + Level 3.6 Slings
 + Level 3.6 Bows
 + Level 3.6 Crossbows
 + Level 3.6 Throwing
 + Level 3.6 Armour
 + Level 5.9 Dodging
 + Level 5.6 Stealth
 + Level 3.6 Shields
 + Level 3.6 Unarmed Combat
 + Level 8.1 Spellcasting
 + Level 3.7 Conjurations
 + Level 3.0 Hexes
 + Level 3.0 Charms
 + Level 3.7 Summonings
 + Level 3.0 Necromancy
 + Level 3.7 Translocations
 + Level 3.0 Transmutations
 + Level 3.0 Fire Magic
 + Level 3.0 Ice Magic
 + Level 3.0 Air Magic
 + Level 3.0 Earth Magic
 + Level 3.0 Poison Magic
 + Level 4.0 Invocations
 + Level 3.6 Evocations


You had 12 spell levels left.
You knew the following spells:

 Your Spells              Type           Power        Failure   Level  Hunger
a - Magic Dart            Conj           ####         1%          1    None
b - Blink                 Tloc           N/A          2%          2    None
c - Call Imp              Summ           ####....     2%          2    None
d - Conjure Flame         Conj/Fire      ###.....     5%          3    None
e - Mephitic Cloud        Conj/Pois/Air  ###.....     6%          3    None

Your spell library contained the following spells:

 Spells                   Type           Power        Failure   Level  Hunger
 Slow                     Hex            ###.....     3%          2    None


Dungeon Overview and Level Annotations

Branches:
Dungeon (7/15)             Temple (1/1) D:6

Altars:
Ashenzari
Cheibriados
Dithmenos
Elyvilon
Fedhas
Gozag
Hepliaklqana
Makhleb
Nemelex Xobeh
Okawaru
Qazlal
Ru
Sif Muna
Trog
Uskayaw
Vehumet
Wu Jian
Xom
Yredelemnul
Zin
The Shining One


Innate Abilities, Weirdness & Mutations

Your experience applies equally to all skills.
You have very sharp teeth.
Your uncanny sense of smell can sniff out nearby items.
Your life essence is reduced to manifest your ancestor. (-10% HP)


Message History

The shadow slips into darkness.
The shadow flickers and vanishes!
Deactivating autopickup; reactivate with Ctrl-A.
Mettia hits something.
You puncture something! You bite something. The quokka closely misses you.
The shadow strikes at you from the darkness!
Reactivating autopickup.
Mettia hits the shadow but does no damage.
The quokka closely misses you.
You hit the shadow but do no damage.
The shadow is severely damaged.
The shadow slips into darkness.
The shadow flickers and vanishes!
Deactivating autopickup; reactivate with Ctrl-A.
Mettia hits something but does no damage.
The quokka bites you but does no damage.
You barely miss something. The quokka closely misses you.
The shadow strikes at you from the darkness!
Ouch! That really hurt!
You die...

# ###
#.###.##
#......##
##...$.##
#..r@...#
#..<.{R......
##.......####
##$....##
#....##
..#.## ######


You could see the friendly Mettia the ancestor and a quokka.

Vanquished Creatures
  A sky beast (D:6)
  An ice beast (D:5)
  4 ogres
  2 centaurs (D:6)
  3 bullfrogs (D:6)
  2 scorpions (D:4)
  A bullfrog zombie (D:6)
  A crimson imp (D:6)
  A quasit (D:3)
  A gnoll shaman (D:5)
  2 orc wizards (D:5)
  A bullfrog skeleton (D:6)
  4 worker ants
  19 gnolls
  4 adders
  An ooze (D:4)
  An adder zombie (D:2)
  2 adder skeletons
  3 worms
  3 dart slugs
  2 leopard geckos
  9 orcs
  A bat skeleton (D:2)
  2 giant cockroaches
  9 hobgoblins
  2 jackals (D:6)
  A quokka (D:5)
  A ball python (D:5)
  A ball python skeleton (D:2)
  9 bats
  4 frilled lizards
  6 goblins
  9 kobolds
  2 quokka skeletons
  A quokka zombie (D:2)
  5 rats
121 creatures vanquished.

Vanquished Creatures (collateral kills)
  2 orc wizards (D:4)
  An adder (D:6)
3 creatures vanquished.

Vanquished Creatures (others)
  An ancestor (D:6)
1 creature vanquished.

Grand Total: 125 creatures vanquished

Notes
Turn   | Place    | Note
-------+----------+-------------------------------------------
     0 | D:1      | Merlin the Gnoll Wizard began the quest for the Orb.
     0 | D:1      | Reached XP level 1. HP: 13/13 MP: 8/8
    83 | D:1      | Reached XP level 2. HP: 19/19 MP: 7/10
    98 | D:1      | Learned a level 2 spell: Blink
   101 | D:1      | Learned a level 2 spell: Call Imp
   703 | D:2      | Reached XP level 3. HP: 25/25 MP: 6/11
   990 | D:2      | Found a glowing golden altar of the Shining One.
  1105 | D:2      | Reached skill level 1 in Invocations
  1282 | D:2      | Reached skill level 1 in Fighting
  1282 | D:2      | Reached skill level 1 in Short Blades
  1282 | D:2      | Reached skill level 1 in Long Blades
  1282 | D:2      | Reached skill level 1 in Axes
  1282 | D:2      | Reached skill level 1 in Maces & Flails
  1282 | D:2      | Reached skill level 1 in Polearms
  1282 | D:2      | Reached skill level 1 in Staves
  1282 | D:2      | Reached skill level 1 in Slings
  1282 | D:2      | Reached skill level 1 in Bows
  1282 | D:2      | Reached skill level 1 in Crossbows
  1282 | D:2      | Reached skill level 1 in Throwing
  1282 | D:2      | Reached skill level 1 in Armour
  1282 | D:2      | Reached skill level 1 in Shields
  1282 | D:2      | Reached skill level 1 in Unarmed Combat
  1282 | D:2      | Reached skill level 1 in Evocations
  1741 | D:3      | Reached XP level 4. HP: 32/32 MP: 11/13
  1931 | D:3      | Learned a level 3 spell: Conjure Flame
  1935 | D:3      | Learned a level 3 spell: Mephitic Cloud
  1998 | D:3      | Reached skill level 1 in Hexes
  1998 | D:3      | Reached skill level 1 in Charms
  1998 | D:3      | Reached skill level 1 in Necromancy
  1998 | D:3      | Reached skill level 1 in Transmutations
  1998 | D:3      | Reached skill level 1 in Fire Magic
  1998 | D:3      | Reached skill level 1 in Ice Magic
  1998 | D:3      | Reached skill level 1 in Air Magic
  1998 | D:3      | Reached skill level 1 in Earth Magic
  1998 | D:3      | Reached skill level 1 in Poison Magic
  2427 | D:3      | Reached XP level 5. HP: 13/37 MP: 7/14
  3277 | D:4      | Reached XP level 6. HP: 27/44 MP: 10/16
  3657 | D:4      | Reached skill level 5 in Dodging
  3808 | D:4      | Reached XP level 7. HP: 47/50 MP: 12/18
  4246 | D:5      | Entered Level 5 of the Dungeon
  5094 | D:5      | Reached skill level 5 in Stealth
  6018 | D:6      | Reached XP level 8. HP: 51/57 MP: 19/19
  6275 | D:6      | Found a bloodstained altar of Trog.
  6352 | D:6      | Reached skill level 8 in Spellcasting
  6493 | D:6      | Found a staircase to the Ecumenical Temple.
  6509 | Temple   | Entered the Ecumenical Temple
  6566 | Temple   | Became a worshipper of Hepliaklqana the Forgotten
  7218 | D:7      | Noticed a shadow
  7222 | D:7      | Slain by a shadow

Skill      XL: |  1  2  3  4  5  6  7  8 |
---------------+-------------------------+-----
Conjurations   | 2 3 |  3.7
Summonings     | 2 3 |  3.7
Translocations | 2 3 |  3.7
Invocations    | 1 2 3 4 |  4.0
Fighting       | 1 2 3 |  3.6
Short Blades   | 1 2 3 |  3.6
Long Blades    | 1 2 3 |  3.6
Axes           | 1 2 3 |  3.6
Maces & Flails | 1 2 3 |  3.6
Polearms       | 1 2 3 |  3.6
Staves         | 1 2 3 |  3.6
Slings         | 1 2 3 |  3.6
Bows           | 1 2 3 |  3.6
Crossbows      | 1 2 3 |  3.6
Throwing       | 1 2 3 |  3.6
Armour         | 1 2 3 |  3.6
Shields        | 1 2 3 |  3.6
Unarmed Combat | 1 2 3 |  3.6
Evocations     | 1 2 3 |  3.6
Hexes          | 1 2 3 |  3.0
Charms         | 1 2 3 |  3.0
Necromancy     | 1 2 3 |  3.0
Transmutations | 1 2 3 |  3.0
Fire Magic     | 1 2 3 |  3.0
Ice Magic      | 1 2 3 |  3.0
Air Magic      | 1 2 3 |  3.0
Earth Magic    | 1 2 3 |  3.0
Poison Magic   | 1 2 3 |  3.0
Dodging        | 5 |  5.9
Stealth        | 5 |  5.6
Spellcasting   | 8 |  8.1

Action                   |  1- 3 |  4- 6 |  7- 9 || total
-------------------------+-------+-------+-------++-------
Melee: Unarmed           |    16 |       |       ||    16
       Bite              |     2 |     8 |    13 ||    23
       Short sword       |    31 |    49 |       ||    80
       Halberd           |       |    58 |   214 ||   272
 Cast: Magic Dart        |    63 |    54 |    35 ||   152
       Call Imp          |       |     4 |     3 ||     7
       Mephitic Cloud    |       |     2 |     3 ||     5
       Conjure Flame     |       |     3 |     7 ||    10
       Blink             |       |     2 |     2 ||     4
Invok: Recall Ancestor   |       |       |     1 ||     1
  Use: Scroll            |     1 |     2 |     6 ||     9
       Potion            |       |       |     4 ||     4
 Stab: Confused          |       |     1 |       ||     1
       Sleeping          |       |     1 |     6 ||     7
       Distracted        |       |     2 |     1 ||     3
       Invisible         |       |       |     1 ||     1
  Eat: Ration            |     1 |       |       ||     1
       Chunk             |       |    18 |    11 ||    29
Armor: Robe              |    18 |    36 |    62 ||   116
Dodge: Dodged            |    42 |    93 |   177 ||   312
